Map: Laberinto EJ

Players

VortiX - Winner!

  • Race: Zerg Zerg
  • Spawn Location: 7:00

Stephano

  • Race: Zerg Zerg
  • Spawn Location: 1:00

Event: WCS Valencia 2018

VOD

Have the link to the VOD?

Description

Time

  • Played on: July 12, 2018, 7:52 a.m.
  • Length: 20:32

All games in this series

Show
View Real Time Build Order
Export as new Build Order

VortiX Zerg - Winner!

Build Orders: Pool First, Zergling Baneling 

Get SALT Encoding   

  12  0:00  Drone  
  13  0:12  Overlord  
  13  0:16  Drone  
  14  0:30  Drone x2  
  16  0:39  Spawning Pool  
  15  0:43  Drone  
  15  0:46  Drone  
  17  0:55  Drone  
  18  1:11  Hatchery  
  17  1:16  Extractor  
  16  1:26  Zergling x4  
  16  1:27  Zergling x2  
  16  1:31  Queen  
  21  1:38  Overlord  
  21  1:49  Zergling x2  
  22  2:00  Zergling x2  
  23  2:06  Queen  
  25  2:11  Drone  
  26  2:22  Drone  
  27  2:25  Drone  
  27  2:26  Metabolic Boost  
  27  2:32  Drone  
  27  2:34  Drone  
  29  2:39  Drone x2  
  29  2:40  Drone  
  31  2:45  Zergling x4  
  33  2:57  Zergling x2  
  33  2:58  Zergling x2  
  35  3:05  Zergling x2  
  34  3:08  Baneling Nest, Zergling x2  
  34  3:14  Overlord  
  34  3:15  Spine Crawler, Zergling x2  
  34  3:16  Zergling x2  
  35  3:24  Spine Crawler, Zergling x2  
  35  3:42  Drone x3  
  35  3:48  Drone x3  
  42  3:51  Overlord  
  42  3:54  Baneling  
  43  3:58  Baneling  
  43  4:02  Overlord  
  43  4:06  Hatchery  
  43  4:07  Baneling x2  
  42  4:10  Drone  
  42  4:11  Drone  
  42  4:12  Drone  
  42  4:14  Zergling x2  
  46  4:18  Zergling x2  
  46  4:19  Drone  
  48  4:28  Drone x3  
  48  4:29  Drone x2  
  53  4:34  Overlord  
  53  4:38  Baneling  
  53  4:39  Baneling x3  
  53  4:42  Zergling x2  
  53  4:43  Zergling x4  
  56  4:47  Extractor  
  56  4:48  Evolution Chamber  
  56  4:50  Zergling x2  
  56  4:52  Zergling x6  
  55  4:56  Zergling x6  
  58  5:02  Zergling x2  
  59  5:12  Zergling x2  
  60  5:15  Zergling x4  
  60  5:19  Zerg Missile Weapons Level 1  
  60  5:21  Roach Warren  
  61  5:23  Drone x3  
  61  5:25  Queen  
  61  5:27  Overlord  
  66  5:31  Drone  
  66  5:32  Drone  
  67  5:36  Drone  
  67  5:37  Drone x2  
  69  5:45  Zergling x4  
  69  5:46  Overlord  
  69  5:52  Drone x2  
  69  5:53  Drone x2  
  69  5:55  Drone  
  70  5:57  Drone x3  
  70  5:58  Drone  
  72  6:05  Roach x2  
  72  6:07  Roach  
  65  6:13  Baneling x4  
  65  6:15  Lair  
  65  6:16  Roach x2  
  69  6:20  Extractor x2, Roach  
  69  6:25  Roach  
  71  6:29  Overlord  
  71  6:31  Drone  
  72  6:33  Drone  
  72  6:35  Roach x2  
  72  6:36  Overlord, Drone  
  72  6:37  Drone x2  
  80  6:42  Drone x2  
  80  6:46  Overlord  
  82  6:47  Drone x2, Evolution Chamber  
  82  6:50  Extractor  
  82  6:51  Drone x2  
  82  6:52  Drone  
  85  7:00  Roach x2  
  88  7:02  Roach  
  88  7:05  Drone x2  
  88  7:06  Drone  
  88  7:07  Drone  
  94  7:10  Drone  
  94  7:13  Zerg Missile Weapons Level 2, Zerg Ground Armor Level 1  
  94  7:15  Glial Reconstitution  
  95  7:19  Overseer  
  95  7:24  Hatchery  
  95  7:27  Roach x2  
  98  7:33  Overlord  
  98  7:34  Roach x3  
  104  7:38  Roach x2  
  104  7:39  Roach  
  104  7:42  Roach  
  104  7:44  Overlord x2  
  112  7:48  Overlord  
  112  7:53  Roach x3  
  112  7:54  Roach  
  120  7:59  Overlord  
  120  8:01  Overlord  
  120  8:06  Unknown, Roach x3  
  120  8:10  Roach x4  
  120  8:12  Ravager x3  
  137  8:16  Overlord, Ravager  
  137  8:17  Overlord  
  138  8:20  Roach  
  138  8:23  Roach x3  
  146  8:29  Roach x4  
  156  8:41  Roach x3  
  156  8:42  Roach x2  
  156  8:45  Overlord x2  
  156  8:48  Roach  
  166  8:49  Overlord  
  166  8:50  Ravager  
  166  8:55  Overlord  
  167  8:58  Overseer  
  167  8:59  Overlord  
  167  9:00  Overlord  
  167  9:05  Roach  
  167  9:06  Roach x3  
  167  9:07  Overlord  
  167  9:08  Overlord  
  175  9:11  Roach x3  
  181  9:18  Roach x4  
  189  9:36  Roach x8  
  164  9:44  Roach  
  164  9:45  Roach x6  
  148  9:48  Roach  
  148  9:49  Roach  
  148  9:52  Queen  
  119  9:53  Roach  
  119  9:56  Roach  
  115  10:01  Roach x2  
  115  10:06  Roach  
  123  10:07  Roach  
  123  10:12  Roach  
  125  10:17  Roach x2  
  128  10:26  Roach x4  
  122  10:28  Roach  
  122  10:35  Roach x3  
  108  10:42  Roach x3  
  102  10:49  Roach x3  
  100  10:57  Roach x2  
  100  10:58  Roach x2  
  100  11:02  Ravager  
  100  11:03  Ravager x2  
  109  11:04  Roach  
  109  11:05  Roach  
  109  11:08  Roach  
  109  11:09  Roach  
  117  11:12  Roach, Ravager  
  117  11:16  Drone  
  117  11:17  Drone x2  
  123  11:19  Roach  
  123  11:21  Overseer  
  123  11:23  Roach  
  123  11:25  Ravager  
  128  11:26  Drone  
  128  11:27  Drone  
  128  11:30  Roach  
  128  11:32  Roach  
  134  11:35  Roach  
  134  11:38  Drone x3  
  139  11:40  Drone  
  139  11:44  Drone x3  
  139  11:45  Drone  
  144  11:50  Roach  
  144  11:51  Roach  
  148  11:56  Roach  
  148  11:57  Roach x2  
  148  11:59  Ravager x4  
  158  12:02  Roach x2  
  162  12:10  Roach x4  
  162  12:14  Roach x2  
  174  12:17  Roach x2  
  178  12:24  Roach x4  
  178  12:29  Roach x2  
  190  12:32  Roach x2  
  194  12:43  Roach x4  
  194  12:44  Roach x2  
  198  12:52  Roach  
  200  13:03  Roach x2  
  174  13:23  Roach  
  174  13:24  Roach x6  
  167  13:29  Roach x7  
  167  13:30  Roach x8  
  191  13:39  Roach  
  191  13:40  Roach x5  
  173  13:44  Roach x2  
  161  13:54  Roach x5  
  169  13:58  Roach x2  
  169  14:00  Extractor  
  169  14:01  Drone x3  
  169  14:02  Roach x2  
  181  14:03  Roach  
  181  14:06  Roach x2  
  185  14:12  Roach x3  
  185  14:15  Roach x2  
  195  14:17  Roach  
  163  14:33  Roach  
  163  14:34  Roach x3  
  147  14:39  Roach  
  147  14:40  Roach x7  
  147  14:45  Ravager  
  164  14:46  Roach x3  
  164  14:49  Roach  
  164  14:50  Roach  
  164  14:51  Drone x2  
  164  14:52  Extractor, Drone  
  176  14:53  Drone x2  
  176  14:54  Drone  
  179  15:00  Ravager  
  179  15:02  Roach x4  
  188  15:08  Roach  
  188  15:09  Roach x2  
  188  15:14  Roach x2  
  188  15:22  Roach x4  
  188  15:28  Roach x3  
  194  15:33  Roach  
  194  15:34  Roach  
  167  15:44  Roach x6  
  179  15:54  Overseer  
  175  16:03  Overseer  
  175  16:06  Ravager  
  175  16:07  Ravager  
  175  16:08  Ravager  
  175  16:10  Roach  
  175  16:11  Roach x10  
  197  16:21  Overseer  
  197  16:22  Overseer  
  197  16:29  Roach  
  199  16:34  Overlord  
  199  16:37  Overlord  
  186  16:50  Hatchery  
  186  16:53  Roach x5  
  189  16:54  Ravager  
  189  16:55  Ravager x3  
  190  17:04  Roach x7  
  190  17:05  Roach  
  192  17:22  Roach  
  183  17:23  Roach x6  
  190  17:34  Roach  
  190  17:35  Roach x3  
  179  17:37  Roach  
  179  17:43  Ravager  
  178  17:45  Ravager x2  
  178  17:47  Drone x3  
  183  17:52  Spire  
  182  18:01  Roach  
  182  18:02  Roach x4  
  184  18:13  Roach x5  
  180  18:20  Roach  
  180  18:21  Roach x2  
  170  18:42  Roach  
  170  18:43  Roach x9  
  190  18:51  Drone  
  190  18:52  Drone x4  
  177  19:18  Drone x4  
  179  19:26  Mutalisk  
  179  19:27  Mutalisk x8  
  180  19:42  Mutalisk x2  
  174  19:47  Mutalisk  
  174  19:50  Extractor, Drone x2  
  174  19:51  Drone  
  178  19:53  Mutalisk  
  178  19:59  Extractor  
  179  20:07  Mutalisk  
  179  20:13  Roach  
  185  20:14  Hatchery  
Show
View Real Time Build Order
Export as new Build Order

Stephano Zerg 

Build Orders: Pool First 

Get SALT Encoding   

  12  0:18  Spawning Pool  
  11  0:21  Drone  
  11  0:26  Drone  
  13  0:30  Drone  
  14  0:40  Overlord  
  14  1:05  Zergling x6  
  17  1:15  Hatchery  
  17  1:18  Zergling x2  
  17  1:27  Zergling x2  
  17  1:32  Queen  
  18  1:36  Extractor  
  19  1:40  Zergling x2  
  20  1:51  Overlord  
  20  2:04  Drone  
  20  2:10  Drone  
  20  2:25  Drone  
  19  2:32  Zergling x2  
  19  2:33  Zergling x2  
  19  2:37  Metabolic Boost  
  21  2:43  Zergling x8  
  25  2:50  Zergling x4  
  27  3:04  Drone x2  
  29  3:09  Drone  
  29  3:12  Drone  
  31  3:18  Drone x3  
  34  3:24  Overlord  
  34  3:30  Queen  
  35  3:44  Drone x5  
  39  3:50  Zergling x4  
  39  3:53  Zergling x2  
  41  3:56  Zergling x4  
  41  4:02  Baneling Nest  
  42  4:06  Zergling x4  
  44  4:24  Overlord  
  44  4:37  Overlord  
  44  4:39  Hatchery  
  44  4:42  Drone  
  44  4:43  Drone x6  
  50  4:47  Drone  
  50  4:50  Drone  
  50  4:52  Baneling x3  
  52  4:54  Overlord  
  52  4:56  Extractor  
  52  4:59  Evolution Chamber  
  50  5:00  Drone  
  50  5:04  Drone  
  52  5:09  Drone x3  
  54  5:16  Zergling x2  
  54  5:17  Zergling x2  
  54  5:20  Zergling x4  
  54  5:21  Zergling x2  
  58  5:24  Queen  
  60  5:28  Baneling  
  60  5:29  Baneling x2  
  60  5:36  Drone x4  
  64  5:49  Zergling x2  
  64  5:50  Zergling x8  
  64  5:53  Zerg Missile Weapons Level 1  
  64  5:56  Zergling x2  
  61  6:06  Drone x4  
  61  6:08  Queen  
  63  6:12  Extractor, Queen  
  63  6:14  Drone x4  
  63  6:15  Lair  
  68  6:20  Baneling  
  68  6:21  Baneling x2  
  68  6:22  Drone x2  
  70  6:29  Drone x2  
  70  6:32  Roach Warren  
  71  6:36  Overlord x2  
  71  6:44  Overlord x4  
  71  6:46  Extractor  
  69  6:50  Drone x2  
  69  6:51  Drone  
  72  6:57  Drone x4  
  76  7:02  Drone x2  
  77  7:13  Glial Reconstitution, Roach x3  
  83  7:18  Extractor  
  83  7:21  Roach x7  
  96  7:28  Drone x3  
  96  7:29  Roach  
  101  7:32  Overlord  
  101  7:33  Overseer  
  101  7:34  Unknown  
  101  7:39  Hatchery  
  100  7:45  Overlord  
  100  7:47  Overlord  
  100  7:52  Roach x8  
  100  7:55  Zerg Missile Weapons Level 2  
  116  8:05  Roach x5  
  126  8:10  Roach x3  
  132  8:19  Overlord x3  
  132  8:20  Overlord  
  132  8:24  Ravager x4  
  136  8:29  Overlord x2  
  136  8:35  Unknown  
  136  8:41  Overlord  
  136  8:44  Roach x3  
  136  8:45  Roach x6  
  154  8:51  Roach  
  154  8:52  Roach x3  
  154  8:53  Roach  
  164  9:00  Roach x4  
  172  9:03  Roach  
  172  9:04  Roach  
  172  9:06  Roach  
  172  9:08  Roach  
  180  9:11  Roach  
  180  9:12  Roach  
  180  9:15  Roach  
  180  9:16  Roach  
  188  9:23  Roach x3  
  191  9:24  Overlord  
  186  9:36  Roach x6  
  157  9:40  Roach x3  
  147  9:46  Roach x3  
  147  9:50  Roach x2  
  149  9:56  Roach x3  
  149  9:59  Roach  
  149  10:00  Ravager  
  149  10:01  Ravager  
  151  10:11  Roach x2  
  155  10:15  Ravager  
  147  10:21  Hatchery  
  147  10:25  Roach x2  
  147  10:26  Roach x5  
  144  10:30  Roach x2  
  144  10:33  Roach x2  
  133  10:36  Roach  
  133  10:37  Roach  
  133  10:39  Roach  
  123  10:43  Roach x2  
  123  10:45  Roach  
  127  10:53  Roach  
  127  10:54  Roach x3  
  127  10:59  Roach x3  
  127  11:02  Extractor  
  127  11:03  Roach  
  127  11:04  Roach  
  131  11:05  Roach  
  133  11:11  Zerg Ground Armor Level 1  
  133  11:17  Ravager  
  134  11:19  Roach  
  134  11:21  Roach  
  134  11:23  Roach  
  140  11:27  Roach x2  
  140  11:28  Roach  
  140  11:31  Roach x2  
  150  11:33  Drone x3  
  150  11:34  Roach  
  150  11:38  Ravager  
  156  11:42  Ravager  
  156  11:45  Unknown, Roach  
  159  11:50  Roach x4  
  167  11:54  Ravager  
  167  11:57  Extractor  
  167  11:58  Drone x3  
  167  12:00  Roach x3  
  176  12:11  Roach x6  
  188  12:18  Roach x3  
  194  12:28  Tunneling Claws  
  194  12:29  Burrow  
  194  12:34  Roach x3  
  200  12:40  Extractor  
  199  12:47  Hatchery  
  197  12:57  Roach x2  
  193  12:58  Overlord  
  193  12:59  Overlord  
  185  13:15  Roach x9  
  185  13:18  Roach x2  
  175  13:24  Roach x2  
  161  13:28  Roach  
  161  13:29  Roach  
  159  13:37  Roach x4  
  149  13:42  Roach x2  
  149  13:46  Roach x19  
  153  13:53  Roach x2  
  157  14:01  Roach x12  
  157  14:02  Roach x4  
  165  14:06  Ravager x6  
  171  14:12  Roach x3  
  171  14:16  Roach  
  169  14:30  Roach x20  
  146  14:32  Roach x8  
  146  14:37  Roach x2  
  146  14:41  Roach x2  
  150  14:46  Roach x2  
  150  14:50  Ravager x4  
  150  14:52  Roach  
  160  14:55  Roach  
  159  15:09  Roach x5  
  159  15:12  Roach  
  164  15:16  Roach  
  164  15:20  Roach x2  
  157  15:25  Roach  
  151  15:28  Roach x3  
  151  15:30  Roach x23  
  151  15:31  Roach  
  146  15:36  Roach  
  141  15:47  Roach x3  
  141  15:51  Roach x3  
  141  15:54  Roach  
  149  16:04  Ravager x5  
  149  16:05  Ravager x2  
  158  16:18  Roach x3  
  158  16:20  Ravager x2  
  158  16:21  Ravager x2  
  158  16:24  Roach  
  158  16:25  Roach x3  
  160  16:27  Roach  
  160  16:30  Roach  
  164  16:35  Roach x2  
  164  16:38  Roach  
  170  16:43  Roach x2  
  170  16:46  Roach  
  170  16:47  Roach x3  
  170  16:53  Roach x2  
  170  16:56  Roach x2  
  170  16:58  Roach  
  172  17:05  Roach x2  
  174  17:10  Roach x2  
  174  17:14  Roach  
  170  17:22  Roach  
  164  17:23  Roach x2  
  164  17:26  Roach  
  155  17:34  Roach x2  
  142  17:37  Roach  
  142  17:41  Roach  
  146  17:44  Roach x5  
  146  17:48  Ravager  
  146  17:49  Ravager x2  
  149  17:56  Roach x2  
  149  18:00  Roach  
  149  18:01  Roach x2  
  149  18:02  Roach x3  
  153  18:07  Hatchery  
  153  18:08  Roach x2  
  150  18:14  Roach  
  150  18:15  Roach x3  
  147  18:20  Roach x2  
  147  18:26  Roach x3  
  149  18:33  Roach x2  
  153  18:41  Roach x2  
  153  18:42  Roach x2  
  153  18:43  Roach  
  153  18:47  Roach x2  
  153  18:52  Roach  
  136  19:04  Roach x7  
  136  19:06  Roach x4  
  121  19:14  Roach  
  121  19:15  Roach x5  
  123  19:21  Roach x2  
  101  19:53  Ravager x5  
  101  19:54  Roach x3  
  112  20:00  Hatchery  
  112  20:01  Roach  
  112  20:03  Roach  
  113  20:10  Roach, Ravager x4  
  113  20:11  Roach x2  
  113  20:12  Ravager  
Tags
 
Add a new tag
Caveats
  • Supply blocks, unpowered buildings, or Contaminate may cause inaccurate times.
  • Supply counts are checked every 10 seconds.